 Dungeon Crawl Stone Soup version 0.17-a0-1655-g88a8506 (webtiles) character file.

732 kae the Carver (level 7, -8/57 HPs)
             Began as a Minotaur Fighter on Aug 15, 2015.
             Was a Follower of Okawaru.
             Killed by divine providence
             ... invoked by an orc priest
              (10 damage)
             ... on level 6 of the Dungeon.
             The game lasted 00:02:49 (4119 turns).

kae the Carver (Minotaur Fighter)                   Turns: 4119, Time: 00:02:50

Health: -8/57      AC: 11    Str: 21    XL:     7   Next: 45%
Magic:  5/6        EV: 10    Int:  7    God:    Okawaru [*.....]
Gold:   277        SH: 11    Dex:  9    Spells: 0 memorised, 6 levels left

rFire  . . .     SeeInvis .     a - +0 long sword
rCold  . . .     Clarity  .     b - +0 scale mail
rNeg   . . .     SustAt   .     c - +0 shield
rPois  .         Gourm    .     (helmet restricted)
rElec  .         Spirit   .     j - +2 cloak
rCorr  .         Warding  .     (no gloves)
rMut   .         Stasis   .     (no boots)
MR     .....                    (no amulet)
Stlth  +.........               (no ring)
                                (no ring)

@: heroism, not resistant to hostile enchantments, very unstealthy
A: retaliatory headbutt, horns 2
a: Heroism, Renounce Religion


You were on level 6 of the Dungeon.
You worshipped Okawaru.
Okawaru was aware of your devotion.
You were very hungry.

You visited 1 branch of the dungeon, and saw 6 of its levels.

You collected 277 gold pieces.

Inventory:

Hand weapons
 a - a +0 long sword (weapon)
Armour
 b - a +0 scale mail (worn)
 c - a +0 shield (worn)
 j - a +2 cloak (worn)
Scrolls
 g - a scroll of fog {unknown}
 h - 4 scrolls of identify {unknown}
 o - a scroll of random uselessness {unknown}
 r - a scroll of teleportation {unknown}
 u - a scroll of recharging {unknown}
 v - a scroll of immolation {unknown}
 C - a scroll of amnesia {unknown}
Potions
 d - a potion of might
 f - a potion of resistance {unknown}
 i - a potion of agility
 k - a potion of mutation {unknown}
 l - a potion of degeneration {unknown}
 m - 2 potions of curing {unknown}
 q - a potion of cure mutation {unknown}
 s - a potion of brilliance {unknown}
 t - 3 potions of invisibility {unknown}
 w - a potion of magic {unknown}
 x - a potion of heal wounds {unknown}
 D - a potion of lignification {unknown}
Books
 y - Sif Muna's Compendium of Enhancements
   (You found it on level 5 of the Dungeon)

   Spells                             Type                      Level
   a - Infusion                       Charms                       1
 A - Vehumet's Reference Book on Combat Magic
   (You found it on level 5 of the Dungeon)

   Spells                             Type                      Level
   a - Magic Dart                     Conjuration                  1
 B - Kikubaaqudgha's Catalogue of Evil Rituals
   (You found it on level 5 of the Dungeon)

   Spells                             Type                      Level
   a - Pain                           Necromancy                   1
Comestibles
 e - 3 bread rations
 n - a royal jelly
 p - a beef jerky
 z - a meat ration


   Skills:
 - Level 3.6(8.6) Fighting
 + Level 10.1(15.1) Long Blades
 - Level 3.6(8.6) Armour
 - Level 3.6(8.6) Shields


You had 6 spell levels left.
You didn't know any spells.

Dungeon Overview and Level Annotations

Branches:
Dungeon (6/15)
 Temple: D:4-7

Altars:
Ashenzari
Cheibriados
Kikubaaqudgha
Makhleb
Okawaru
Qazlal
Sif Muna
Vehumet
Xom


Innate Abilities, Weirdness & Mutations

You reflexively headbutt those who attack you in melee.
You have a pair of horns on your head.


Message History

You closely miss the orc. The orc closely misses you.
The orc warrior hits you from afar with a glaive!
Your shield and scale mail prevent you from hitting the orc.
You block the orc's attack. The orc barely misses you. You furiously retaliate!
You headbutt the orc, but do no damage.
Unknown command.
You slice the orc!!
You kill the orc!
Okawaru accepts your kill.
The orc warrior hits you from afar with a glaive!!
* * * LOW HITPOINT WARNING * * *
You are too injured to fight recklessly!
Unknown command.
Unknown command.
Unknown command.
Drink which item? (? for menu, Esc to quit)
Okay, then.
The orc priest calls down the wrath of Beogh upon you.
Something smites you!
You die...

## .. .# #.# #.#
######.#
#.@....#
....ooZo###..#
##..##.## #..# #
#.####..#
#...<...#######.
######..........
##########.


You could see an orc warrior, an orc priest, an orc and a hound zombie.

Vanquished Creatures
  2 ogres (D:4)
  A scorpion (D:4)
  A crimson imp (D:3)
  2 hounds
  2 orc wizards
  Crazy Yiuf (D:2)
  2 orc priests
  2 worker ants
  4 adders
  7 gnolls
  An ooze (D:4)
  2 worms
  3 giant geckos
  21 orcs
  5 bats
  9 hobgoblins
  7 kobolds
  2 quokkas
  2 ball pythons
  A ball python skeleton (D:4)
  10 giant cockroaches
  4 giant newts
  6 goblins
  4 jackals
  4 rats
  A bush (D:1)
106 creatures vanquished.

Notes
Turn   | Place    | Note
--------------------------------------------------------------
     0 | D:1      | kae the Minotaur Fighter began the quest for the Orb.
     0 | D:1      | Reached XP level 1. HP: 19/19 MP: 0/0
   115 | D:1      | Reached XP level 2. HP: 26/26 MP: 1/1
   665 | D:2      | Reached skill level 4 in Long Blades
   707 | D:2      | Noticed Crazy Yiuf
   712 | D:2      | Killed Crazy Yiuf
   712 | D:2      | Reached XP level 3. HP: 8/31 MP: 2/2
   962 | D:2      | Reached skill level 5 in Long Blades
  1036 | D:2      | Reached XP level 4. HP: 39/39 MP: 3/3
  1235 | D:2      | Found a burning altar of Makhleb.
  1278 | D:2      | Reached skill level 6 in Long Blades
  1704 | D:3      | Found a shattered altar of Ashenzari.
  1719 | D:3      | Reached XP level 5. HP: 42/45 MP: 4/4
  1801 | D:3      | Reached skill level 7 in Long Blades
  1847 | D:3      | Found an iron altar of Okawaru.
  1963 | D:3      | Became a worshipper of Warmaster Okawaru
  2056 | D:3      | Reached XP level 6. HP: 38/51 MP: 5/5
  2415 | D:4      | Reached skill level 8 in Long Blades
  2848 | D:4      | Acquired Okawaru's first power
  2848 | D:4      | Reached skill level 9 in Long Blades
  2848 | D:4      | Reached XP level 7. HP: 39/57 MP: 6/6
  3176 | D:4      | Found a snail-covered altar of Cheibriados.
  3179 | D:4      | Found a shimmering altar of Xom.
  3182 | D:4      | Found a stormy altar of Qazlal.
  3271 | D:5      | Entered Level 5 of the Dungeon
  3639 | D:5      | Found a radiant altar of Vehumet.
  3641 | D:5      | Found an ancient bone altar of Kikubaaqudgha.
  3641 | D:5      | Found a deep blue altar of Sif Muna.
  3646 | D:5      | Identified Sif Muna's Compendium of Enhancements
  3653 | D:5      | Identified Vehumet's Reference Book on Combat Magic
  3660 | D:5      | Identified Kikubaaqudgha's Catalogue of Evil Rituals
  3957 | D:5      | Reached skill level 10 in Long Blades
  4118 | D:6      | HP: 2/57 [orc warrior/glaive (24)]
  4119 | D:6      | Killed from afar by an orc priest

Vault maps used:
D:1:      nicolae_arrival_washed_ashore, serial_forest,
          infiniplex_forest_clump_double, infiniplex_forest_clump_small,
          infiniplex_forest_lined_room_, infiniplex_forest_clump_small,
          infiniplex_forest_clump_curved, infiniplex_forest_lined_1
D:2:      makhleb_blood_cavern_becter, uniq_crazy_yiuf_cottage
D:3:      overflow_temple_1_default, lemuel_doored_altar
D:4:      grunt_temple_overflow_diamond
D:5:      grunt_temple_overflow_magic_moments, first_bread,
          kennysheep_generic_room_11
D:6:      fedhas_altar_2, gup_ossuary_entry_pyramid, uniq_sigmund

Action                   |  1- 3 |  4- 6 |  7- 9 || total
-------------------------+-------+-------+-------++-------
Melee: Long sword        |   131 |   127 |    94 ||   352
Invok: Heroism           |       |       |     1 ||     1
  Eat: Chunk             |     1 |     3 |     1 ||     5
       Bread ration      |       |     1 |       ||     1
